 Dungeon Crawl Stone Soup version 0.28-a0-1033-g1a2f33fa85 (console) character file.

Game seed: 2489909819443561209

35 petzl the Vexing (level 3, -11/23 HPs)
             Began as an Octopode Arcane Marksman on Dec 8, 2021.
             Mangled by an iguana (13 damage)
             ... on level 2 of the Dungeon.
             The game lasted 00:01:53 (1086 turns).

petzl the Vexing (Octopode Arcane Marksman)         Turns: 1086, Time: 00:01:54

Health: -11/23     AC:  1    Str:  9    XL:     3   Next: 33%
Magic:  3/4        EV: 13    Int: 17    God:
Gold:   29         SH:  0    Dex: 12    Spells: 3/4 levels left

rFire   + . .      SeeInvis .   a - +0 flail
rCold   . . .      Faith    .   (no shield)
rNeg    . . .      Spirit   .   (helmet restricted)
rPois   .          Reflect  .   i - amulet of regeneration
rElec   .          Harm     .   h - ring of protection from fire
rCorr   .          Rampage  .   (no ring)
Will    .....                   (no ring)
Stlth   +++.......              (no ring)
HPRegen 0.87/turn               (no ring)
MPRegen 0.09/turn               (no ring)
                                (no ring)
                                (no ring)

@: very slightly contaminated
A: almost no armour, amphibious, 8 rings, camouflage 1, gelatinous body 1,
(nimble swimmer 1), tentacles
a: no special abilities


You were on level 2 of the Dungeon.
You visited 1 branch of the dungeon, and saw 2 of its levels.

You collected 68 gold pieces.
You spent 39 gold pieces at shops.

Inventory:

Hand Weapons
 a - a +0 flail (weapon)
 b - a +0 hand crossbow
Missiles
 c - 17 bolts
Jewellery
 h - a ring of protection from fire (left tentacle)
 i - an amulet of regeneration (around mantle)
 j - a ring of ice
 l - a ring of positive energy
Scrolls
 d - a scroll of fog {unknown}
 f - a scroll of identify {unknown}
Potions
 e - a potion of heal wounds {unknown}
 g - 2 potions of curing
 k - a potion of mutation {unknown}


   Skills:
 + Level 1.2 Fighting
 + Level 0.2 Maces & Flails
 + Level 2.9 Crossbows
 + Level 2.2 Dodging
 * Level 2.0 Stealth
 + Level 1.0 Spellcasting
 - Level 3.0 Hexes


You had 3 spell levels left.
You knew the following spells:

 Your Spells              Type           Power      Damage    Failure   Level
a - Slow                  Hex            44%        N/A       6%          1

Your spell library contained the following spells:

 Spells                   Type           Power      Damage    Failure   Level
 Inner Flame              Hex/Fire       6%         N/A       34%         3
 Portal Projectile        Hex/Tloc       12%        N/A       34%         3
 Gell's Gravitas          Tloc           0%         N/A       54%         3
 Lesser Beckoning         Tloc           0%         N/A       54%         3
 Teleport Other           Tloc           0%         N/A       54%         3
 Cause Fear               Hex            5%         N/A       52%         4


Dungeon Overview and Level Annotations

Branches:
Dungeon (2/15)

Altars:
Xom

Shops:
D:1 !


Innate Abilities, Weirdness & Mutations

You cannot wear most types of armour.
You are amphibious.
You can wear up to eight rings at the same time.
Your skin changes colour to match your surroundings (Stealth+).
Your rubbery body absorbs attacks. (AC +1, EV +1)
((You are camouflaged near water. (Stealth+)))
You have tentacles for arms and can constrict up to eight enemies at once.


Message History

A hobgoblin is nearby!
No target in view!
No target in view!
No target in view!
No target in view!
There is a stone staircase leading up here.
A hobgoblin is nearby!
A hobgoblin is nearby!
A hobgoblin is nearby!
The hobgoblin shouts!
You sock the hobgoblin!
You kill the hobgoblin!
An iguana comes into view.
The iguana bites you!
Ouch! That really hurt!
You are too injured to fight recklessly!
Casting: Slow (safe; 6% risk of failure)
Confirm with . or Enter, or press ? or * to list all spells.
Aiming: Slow (safe; 6% risk of failure)
Press: ? - help, Shift-Dir - straight line, f - iguana
Aim: an iguana (chance to affect: 55%)
You miscast Slow.
You are very lightly contaminated with residual magic.
Nothing appears to happen.
The iguana bites you!
* * * LOW HITPOINT WARNING * * *
You hit the iguana. Your grab misses the iguana. You squeeze the iguana!
The iguana is almost dead.
The iguana bites you.
* * * LOW HITPOINT WARNING * * *
You hit the iguana but do no damage. Your grab misses the iguana.
The iguana is almost dead.
The iguana bites you.
* * * LOW HITPOINT WARNING * * *
The iguana misses you.
You barely miss the iguana. You grab the iguana.
The iguana is almost dead.
You constrict the iguana, but do no damage.
The iguana bites you!
Ouch! That really hurt!
You die...

.# # ... #. #.#
.# ##.#
#...#...#
#..#l##.#
#..#@##.#
#...$...#
#....##.#######.
####.##.<.......
#.###.##.####
#.....#
#.###.....# #.#
..###.# #.##.##
#.##. #.##.
#.##. ###.##.##
#.......#
#.#.......#
######
#.####.....
......### #.#
.#### ........>
##### ###.# #
........####...#
#...#
#...............


You could see an iguana.

Vanquished Creatures
  A ball python (D:1)
  3 endoplasms
  2 goblins
  5 hobgoblins
  2 jackals (D:2)
  7 kobolds (D:1)
  3 quokkas
  3 bats (D:1)
  2 rats (D:1)
28 creatures vanquished.

Vanquished Creatures (others)
  A fungus (D:2)
  A plant (D:2)
2 creatures vanquished.

Grand Total: 30 creatures vanquished

Notes
Turn   | Place    | Note
-------+----------+-------------------------------------------
     0 | D:1      | petzl the Octopode Arcane Marksman began the quest for the
                  | Orb.
     0 | D:1      | Reached XP level 1. HP: 13/13 MP: 2/2
   102 | D:1      | Reached skill level 1 in Stealth
   216 | D:1      | Reached XP level 2. HP: 17/18 MP: 3/3
   462 | D:1      | Found Qicyxkoz's Distillery.
   488 | D:1      | Reached XP level 3. HP: 23/23 MP: 4/4
   534 | D:1      | Bought a potion of curing for 39 gold pieces
   879 | D:2      | Found a shimmering altar of Xom.
  1085 | D:2      | HP: 1/23 [iguana (6)]
  1086 | D:2      | Mangled by an iguana

Illustrated notes

Levels and vault maps discovered:
D:1:      matt_arrival_los_fun, layout_basic, serial_shops, nicolae_shop_stone
D:2:      layout_loops_ring, basic_altar, shapermc_ecumenical_altar_acropolis

Skill      XL: |  1  2  3 |
---------------+----------+-----
Stealth        | 1 2 |  2.0
Fighting       | |  1.2
Maces & Flails | |  0.2
Crossbows      | |  2.9
Dodging        | |  2.2
Spellcasting   | |  1.0
Hexes          | |  3.0

Action                   || total
-------------------------++-------
Melee: Flail             ||    15
       Constrict         ||     4
       Tentacles         ||     2
 Fire: Hand crossbow     ||    39
 Stab: Sleeping          ||     3
Armor: Skin              ||     4
Dodge: Dodged            ||    12

Table legend: (Time is in decaauts)
 A = Elapsed time spent in this place.
 B = Non-inter-level travel time spent in this place.
 C = Inter-level travel time spent in this place.
 D = Time resting spent in this place.
 E = Time spent auto-exploring this place.
 F = Levels seen in this place.
 G = Mean time per level.
                   A        B        C        D        E       F      G
               +--------+--------+--------+--------+--------+-----+--------+
         Total |   1105 |   1033 |     72 |     69 |    786 |   2 |  552.5 |
       Dungeon |   1105 |   1033 |     72 |     69 |    786 |   2 |  552.5 |
               +--------+--------+--------+--------+--------+-----+--------+

Top non-repeatable levels by time:
     D:1: 778 daAuts
     D:2: 326 daAuts
